Map: Neon Violet Square LE

Players

axu - Winner!

  • Race: Protoss Protoss
  • League: Platinum
  • Spawn Location: 11:00

TheLastGray

  • Race: Zerg Zerg
  • League: Platinum
  • Spawn Location: 5:00

VOD

Have the link to the VOD?

Description

Time

  • Played on: March 8, 2018, 9:59 a.m.
  • Length: 19:24
Show
View Real Time Build Order
Export as new Build Order

axu Protoss - Winner!

Build Orders: 1 Gate Expand, Oracle Opening 

Get SALT Encoding   

  12  0:01  Probe  
  13  0:13  Probe  
  14  0:26  Probe  
  14  0:27  Pylon  
  15  0:45  Gateway, Probe  
  16  0:52  Assimilator  
  16  0:57  Probe (Chrono Boost)  
  17  1:07  Probe (Chrono Boost)  
  18  1:11  Probe (Chrono Boost)  
  19  1:23  Probe  
  20  1:42  Nexus  
  20  1:47  Cybernetics Core  
  20  2:00  Assimilator  
  20  2:04  Pylon  
  20  2:21  Probe (Chrono Boost)  
  21  2:25  Warp Gate  
  21  2:27  Adept  
  23  2:42  Probe  
  23  2:53  Stargate  
  23  2:54  Adept, Probe  
  26  3:02  Gateway  
  26  3:15  Probe x2  
  28  3:27  Gateway x2, Probe x2  
  30  3:38  Sentry  
  30  3:39  Probe (Chrono Boost)  
  30  3:41  Oracle  
  36  3:49  Pylon  
  36  3:50  Probe (Chrono Boost)  
  36  3:54  Adept  
  39  4:09  Twilight Council  
  39  4:30  Probe x2  
  41  4:42  Probe x2  
  43  4:48  Pylon  
  43  4:51  Adept x3  
  43  4:52  Adept  
  51  4:54  Probe x2, Pylon  
  51  4:56  Resonating Glaives (Chrono Boost)  
  53  5:06  Probe  
  53  5:07  Probe  
  55  5:18  Probe  
  55  5:19  Probe  
  55  5:20  Robotics Facility  
  57  5:23  Assimilator  
  57  5:26  Adept x2  
  57  5:27  Assimilator  
  53  6:18  Immortal (Chrono Boost)  
  57  6:26  Robotics Facility  
  57  6:31  Gateway  
  57  6:32  Gateway  
  57  6:35  Forge  
  57  6:38  Shield Battery  
  57  6:40  Sentry  
  57  6:41  Stalker x2  
  57  6:42  Stalker  
  57  6:43  Shield Battery  
  65  6:48  Immortal (Chrono Boost)  
  69  6:57  Probe  
  70  7:06  Nexus  
  70  7:08  Pylon  
  70  7:11  Pylon  
  70  7:26  Immortal, Probe x2  
  76  7:36  Immortal  
  80  7:38  Protoss Ground Weapons Level 1 (Chrono Boost), Probe x2  
  82  7:48  Pylon  
  82  7:50  Probe x2  
  84  7:51  Pylon  
  84  7:54  Pylon  
  84  8:02  Probe x2  
  86  8:19  Immortal x2  
  94  8:21  Zealot x4  
  94  8:27  Templar Archives  
  102  8:34  Assimilator  
  102  8:37  Assimilator  
  102  8:43  Probe x3  
  102  8:45  Psionic Storm  
  105  8:55  Probe x2  
  107  9:02  Gateway x2  
  107  9:05  Gateway  
  107  9:11  Forge  
  107  9:20  High Templar  
  107  9:21  Protoss Ground Armor Level 1 (Chrono Boost), High Templar x3  
  115  9:29  Pylon  
  115  9:34  Pylon  
  115  9:38  Pylon  
  115  9:45  Protoss Ground Weapons Level 2 (Chrono Boost)  
  115  9:58  Nexus  
  115  9:59  Pylon  
  117  10:09  Immortal x2  
  123  10:24  Pylon  
  123  10:27  Shield Battery x2  
  123  10:30  Probe x3  
  126  10:37  High Templar x4  
  126  10:39  Zealot  
  126  10:41  Archon x2  
  126  10:42  Probe  
  137  10:43  Charge (Chrono Boost)  
  137  10:48  Observer x2  
  139  10:57  High Templar x2  
  139  11:01  Assimilator  
  143  11:05  Archon  
  143  11:06  Assimilator  
  140  11:43  Gateway x2, High Templar x5  
  140  11:45  Zealot x4  
  140  11:46  Gateway  
  158  11:47  Archon  
  158  11:48  Archon x3  
  123  12:18  High Templar  
  123  12:19  High Templar x4  
  123  12:20  Zealot x4  
  141  12:27  Probe  
  141  12:28  Probe x3  
  145  12:38  Protoss Shields Level 1 (Chrono Boost)  
  145  12:40  Protoss Ground Weapons Level 3 (Chrono Boost), Probe  
  146  12:46  Blink  
  146  12:53  Pylon  
  146  12:54  Warp Prism  
  146  12:55  Warp Prism  
  146  12:56  Pylon  
  150  13:00  Pylon  
  138  13:30  Immortal  
  138  13:32  Immortal  
  146  13:40  Shield Battery  
  146  13:42  Shield Battery  
  146  13:43  Shield Battery  
  146  13:50  Zealot x3  
  146  13:51  Zealot  
  146  13:52  Zealot x3  
  160  14:09  Observer  
  145  14:11  Observer  
  112  14:26  Zealot x4  
  112  14:27  Zealot x5  
  112  14:31  Immortal  
  116  14:32  Immortal  
  120  14:53  High Templar x5  
  120  14:54  High Templar x4  
  120  14:55  High Templar x3  
  120  14:57  Archon x2  
  120  14:58  Archon  
  144  15:01  Protoss Shields Level 2 (Chrono Boost)  
  144  15:10  Immortal, Stargate  
  144  15:11  Stargate  
  144  15:12  Immortal  
  152  15:27  Nexus  
  152  15:33  Pylon  
  152  15:35  Pylon  
  152  15:55  Stalker x2  
  152  15:56  Stalker  
  152  15:57  Stalker x5  
  125  16:25  Zealot x5  
  133  16:26  Zealot  
  133  16:27  Zealot  
  139  16:41  Zealot x3  
  139  16:42  Zealot x2  
  137  17:18  Assimilator  
  137  17:21  Assimilator  
  125  17:25  High Templar  
  125  17:26  High Templar x2  
  125  17:29  High Templar x4  
  137  17:30  High Templar x4  
  137  17:35  Archon x4  
  137  17:36  Archon  
  121  18:20  High Templar  
  121  18:21  High Templar x6  
  121  18:22  High Templar  
  121  18:23  Zealot  
  121  18:24  Zealot x2  
  121  18:26  Archon x2  
  143  18:27  Archon x2  
  143  18:45  Zealot x4  
  142  19:03  Observer x2  
Show
View Real Time Build Order
Export as new Build Order

TheLastGray Zerg 

Build Orders: Hatch First, Lurkers 

Get SALT Encoding   

  12  0:01  Drone  
  13  0:08  Drone  
  14  0:18  Overlord  
  14  0:36  Drone x3  
  17  0:47  Drone  
  18  1:02  Drone  
  18  1:03  Hatchery  
  18  1:14  Spawning Pool  
  18  1:15  Extractor  
  16  1:19  Drone  
  16  1:21  Drone  
  18  1:31  Overlord  
  18  1:42  Drone  
  19  1:55  Drone  
  20  2:01  Queen  
  20  2:05  Zergling x2  
  23  2:17  Drone x2  
  25  2:29  Queen  
  27  2:38  Hatchery  
  27  2:42  Drone x2  
  27  2:48  Metabolic Boost  
  27  2:49  Drone x2  
  29  2:58  Queen  
  29  3:01  Drone  
  29  3:04  Drone  
  33  3:13  Overlord  
  33  3:21  Drone  
  33  3:23  Drone, Roach Warren  
  33  3:25  Drone  
  35  3:32  Drone x2  
  36  3:35  Overlord  
  36  3:41  Queen  
  36  3:47  Zergling x4  
  40  3:49  Drone  
  40  3:53  Spore Crawler  
  40  3:59  Spore Crawler  
  40  4:00  Overlord  
  40  4:02  Drone  
  40  4:03  Drone  
  40  4:08  Drone x3  
  44  4:12  Drone  
  45  4:22  Lair  
  45  4:26  Drone x5  
  45  4:28  Zergling x2  
  51  4:39  Overlord  
  51  4:44  Drone x2  
  51  4:45  Drone  
  54  4:52  Roach x4  
  64  4:53  Roach  
  64  4:55  Extractor  
  64  4:57  Drone x2, Extractor  
  64  4:58  Drone  
  64  4:59  Extractor  
  64  5:02  Drone x3  
  67  5:08  Spore Crawler  
  67  5:13  Drone x2  
  68  5:14  Spine Crawler  
  67  5:21  Roach x2  
  67  5:22  Roach  
  67  5:25  Overlord  
  67  5:26  Overlord, Drone  
  72  5:46  Roach x3, Zergling x2  
  72  5:47  Zergling x12  
  72  5:48  Zergling x2  
  83  5:58  Glial Reconstitution  
  83  6:09  Drone x2  
  83  6:10  Drone x4  
  87  6:32  Roach  
  89  6:37  Evolution Chamber  
  89  6:38  Hatchery  
  89  6:39  Overlord x2  
  87  6:40  Overlord x2, Evolution Chamber  
  87  6:41  Drone x3  
  87  6:42  Drone  
  90  6:52  Overlord x3  
  90  6:53  Overlord  
  90  7:02  Hydralisk Den  
  89  7:13  Drone  
  89  7:14  Drone x3  
  92  7:29  Zerg Melee Weapons Level 1  
  92  7:30  Zerg Ground Armor Level 1  
  92  7:35  Grooved Spines  
  92  7:36  Evolution Chamber  
  91  7:37  Roach x2, Hydralisk x3  
  91  7:38  Hydralisk x5  
  91  7:41  Drone x2  
  113  7:47  Extractor  
  113  7:48  Extractor  
  111  7:54  Overseer  
  111  8:10  Zerg Missile Weapons Level 1  
  111  8:11  Hydralisk x3  
  111  8:12  Hydralisk  
  119  8:14  Drone x3  
  119  8:19  Hydralisk  
  122  8:20  Hydralisk  
  122  8:24  Overlord x4  
  122  8:27  Drone  
  127  8:34  Infestation Pit  
  127  8:36  Drone x2  
  127  8:50  Roach x3  
  127  8:51  Roach  
  135  8:58  Overseer  
  135  9:01  Overlord  
  135  9:02  Overlord  
  135  9:08  Tunneling Claws  
  135  9:11  Muscular Augments  
  135  9:12  Hydralisk x2  
  135  9:13  Hydralisk  
  135  9:14  Roach x4  
  135  9:15  Hydralisk  
  151  9:18  Drone x4  
  151  9:21  Drone x2  
  151  9:22  Drone  
  158  9:48  Hydralisk x3  
  158  9:49  Hydralisk x4  
  172  9:54  Overseer  
  172  9:55  Zerg Melee Weapons Level 2  
  172  9:57  Zerg Ground Armor Level 2  
  172  10:06  Hive  
  172  10:13  Spore Crawler  
  171  10:16  Spine Crawler  
  170  10:31  Zerg Missile Weapons Level 2  
  170  10:32  Hatchery, Hydralisk x3  
  170  10:33  Hydralisk x3  
  181  10:42  Extractor  
  181  10:43  Extractor  
  181  10:44  Drone x3  
  181  10:45  Drone x2  
  181  10:46  Drone  
  185  10:52  Overseer  
  185  11:09  Lurker Den  
  163  12:19  Roach x4, Hydralisk x2  
  163  12:20  Roach  
  177  12:23  Zergling x6  
  177  12:24  Zergling x10  
  185  12:47  Adaptive Talons  
  185  12:50  Lurker  
  185  12:51  Lurker x3  
  189  12:53  Lurker  
  190  13:02  Spire  
  189  13:10  Hatchery  
  177  13:48  Zerg Missile Weapons Level 3, Zerg Ground Armor Level 3, Zerg Melee Weapons Level 3  
  134  14:20  Roach, Zergling x6  
  134  14:21  Roach x6  
  134  14:22  Roach x5  
  134  14:23  Roach x3, Mutalisk x3  
  134  14:24  Mutalisk x7  
  137  14:28  Mutalisk x3  
  137  14:29  Mutalisk x2  
  135  14:42  Mutalisk x2  
  135  14:44  Zergling x8  
  135  14:45  Zergling x24  
  155  15:00  Zerg Flyer Weapons Level 1  
  155  15:05  Spire  
  154  15:15  Zergling x18  
  154  15:16  Zergling x12  
  154  15:17  Zergling x2  
  154  15:18  Zergling x6  
  173  15:24  Hatchery, Drone x4  
  173  15:25  Drone x2  
  178  15:31  Drone x3  
  178  15:32  Drone x2  
  178  15:33  Drone  
  184  15:41  Extractor  
  184  15:42  Extractor  
  128  15:58  Zergling x12  
  128  15:59  Zergling x10  
  128  16:00  Zergling x10  
  106  16:16  Zergling x2  
  106  16:17  Zergling x20  
  109  16:20  Zergling x2  
  109  16:22  Hydralisk  
  109  16:23  Hydralisk x2  
  112  16:28  Hydralisk x2  
  116  16:33  Hydralisk x4  
  116  16:37  Zergling x4  
  126  16:41  Zergling x2  
  127  16:51  Hatchery  
  126  16:54  Zerg Flyer Armor Level 1  
  120  17:06  Roach x3  
  120  17:07  Roach, Infestor  
  120  17:08  Mutalisk x7  
  132  17:09  Mutalisk x6  
  149  17:22  Mutalisk x6  
  126  17:23  Mutalisk  
  126  17:26  Zergling x10  
  126  17:27  Zergling x6  
  135  17:33  Zergling x4  
  135  17:34  Zergling x10  
  140  17:40  Hydralisk  
  128  17:45  Hydralisk x4  
  128  17:50  Hydralisk  
  128  17:53  Hydralisk  
  128  17:56  Zergling x4  
  85  18:13  Roach x3  
  85  18:14  Hydralisk  
  69  18:21  Lurker x2  
  49  18:44  Hydralisk x3  
Tags
 
Add a new tag
Caveats
  • Supply blocks, unpowered buildings, or Contaminate may cause inaccurate times.
  • Supply counts are checked every 10 seconds.